 Dungeon Crawl Stone Soup version 0.15-a0-16-g55057a3 (webtiles) character file.

56218 4tharraofdagon the Martial Artist (level 14, -4/165 HPs)
             Began as a Demonspawn Monk on Mar 30, 2014.
             Was the Champion of Makhleb.
             Slain by a deep troll earth mage (21 damage)
             ... on Level 1 of the Depths.
             The game lasted 01:08:33 (9657 turns).

4tharraofdagon the Martial Artist (Demonspawn Monk) Turns: 9657, Time: 01:08:33

HP  -4/165       AC 14     Str 18      XL: 14   Next: 34%
MP  28/28        EV 16     Int 17      God: Makhleb [******]
Gold 1837        SH  0     Dex 16      Spells:  8 memorised,  1 level left

rFire  + . .     SeeInvis .       - Unarmed
rCold  . . .     Clarity  .     O - +3 leather armour "Uxoskun" {+Rage rF+}
rNeg   . . .     Conserve +     (no shield)
rPois  +         rCorr    .     t - +1 hat {MR+}
rElec  .         rRot     .     U - +2 cloak
SustAb . .       Spirit   .     (gloves unavailable)
rMut   .         Warding  .     z - +0 pair of boots
Saprov . . .     Stasis   .     A - amulet of conservation
MR     ++...                    P - ring of wizardry
                                x - ring of regeneration

@: repel missiles, mighty, berserking (expiring), studying Summonings, very
quick, very resistant to hostile enchantments, extremely unstealthy
A: claws 3, hooves 1, molten scales 2, clever 1, demonic guardian 2, poison
resistance, powered by pain 2
a: Minor Destruction, Lesser Servant of Makhleb, Major Destruction, Greater
Servant of Makhleb, Renounce Religion, Evoke Berserk Rage


You were on level 1 of the Depths.
You worshipped Makhleb.
Makhleb was exalted by your worship.
You were hungry.

You visited 5 branches of the dungeon, and saw 29 of its levels.
You also visited: Labyrinth, Bailey and Ice Cave.

You collected 1837 gold pieces.

Inventory:

Hand weapons
 l - a +8 blowgun
Missiles
 s - 10 curare-tipped needles
 Q - a throwing net (quivered)
Armour
 t - a +1 hat of magic resistance (worn)
 z - a +0 pair of boots (worn)
 O - the +3 leather armour "Uxoskun" (worn) {+Rage rF+}
   (You found it in a labyrinth)

   It protects you from fire.
   It lets you go berserk.
 U - a +2 cloak (worn)
 V - a troll hide
Magical devices
 d - a wand of lightning (3)
 k - a wand of fire (14)
 p - a wand of teleportation (9)
 C - a wand of cold (7)
 G - a wand of enslavement (13)
 K - a wand of lightning (8)
 T - a wand of draining (3)
 Y - a wand of fire (5)
Comestibles
 b - 11 bread rations
 h - a meat ration
Scrolls
 a - a scroll of identify
 e - a scroll of fear
 f - a scroll of fog
 g - 6 scrolls of remove curse
 i - 5 scrolls of noise
 n - a scroll of summoning
 o - a scroll of blinking
 u - 7 scrolls of teleportation
Jewellery
 c - an uncursed amulet of rage
 q - an uncursed ring of flight
 x - a ring of regeneration (left claw)
 A - an amulet of conservation (around neck)
 F - an uncursed ring of teleportation
 P - a ring of wizardry (right claw)
Potions
 r - 2 potions of brilliance
 v - a potion of haste
 w - a potion of agility
 y - a potion of berserk rage
 B - 7 potions of curing
 E - 2 potions of might
 I - 5 potions of heal wounds
 L - 2 potions of invisibility
 Z - 2 potions of restore abilities
Books
 M - a book of Death

   Spells                             Type                      Level
   Corpse Rot                         Necromancy                   2
   Sublimation of Blood               Necromancy                   2
   Agony                              Necromancy                   5
   *Dispel Undead                     Necromancy                   5
   Excruciating Wounds                Charms/Necromancy            5
   Bolt of Draining                   Conjuration/Necromancy       5
 N - a book of Wizardry

   Spells                             Type                      Level
   Summon Elemental                   Summoning                    4
   Agony                              Necromancy                   5
   Force Lance                        Conjuration                  5
   Haste                              Charms                       6
   Invisibility                       Hexes                        6
   Spellforged Servitor               Conjuration/Summoning        7
 S - a manual of Summonings
 W - Sif Muna's Incunabulum of Enhancements and the Compass
   (You found it in a labyrinth)

   Spells                             Type                      Level
   *Infusion                          Charms                       1
   Lethal Infusion                    Charms/Necromancy            2
   Freezing Aura                      Charms/Ice                   2
   Shroud of Golubria                 Charms/Translocation         2
   Song of Slaying                    Charms                       2
   *Control Teleport                  Charms/Translocation         4
   Iskenderun's Battlesphere          Conjuration/Charms           5
   Ring of Flames                     Charms/Fire                  7
Magical staves
 R - an uncursed staff of summoning
Miscellaneous
 j - a lamp of fire
 D - a sack of spiders
 J - a fan of gales


   Skills:
 + Level 10.2 Fighting
 + Level 9.3 Dodging
 - Level 1.7 Stealth
 * Level 13.0 Unarmed Combat
 + Level 5.6 Spellcasting
 * Level 6.8 Necromancy
 - Level 7.4 Translocations
 - Level 10.6 Invocations
 - Level 9.0 Evocations


You had one spell level left.
You knew the following spells:

 Your Spells              Type           Power        Failure   Level  Hunger
a - Control Teleport      Chrm/Tloc      ###.......   12%         4    ####...
b - Apportation           Tloc           ####......   1%          1    None
c - Blink                 Tloc           N/A          1%          2    None
d - Infusion              Chrm           #.....       7%          1    None
e - Phase Shift           Tloc           ####......   9%          5    #####..
f - Regeneration          Chrm/Necr      ###.......   4%          3    ###....
g - Repel Missiles        Chrm/Air       #.....       10%         2    None
h - Dispel Undead         Necr           ####....     10%         5    #####..


Dungeon Overview and Level Annotations

Branches:
Dungeon (15/15)            Temple (1/1) D:5             Orc (0/4) D:10
   Lair (8/8) D:10         Shoals (0/5) Lair:6        Snake (4/5) Lair:4
  Slime (0/6) Lair:7       Vaults (0/5) D:14         Depths (1/5) D:15

Altars:
Ashenzari
Cheibriados
Dithmenos
Elyvilon
Fedhas
Kikubaaqudgha
Makhleb
Nemelex Xobeh
Okawaru
Sif Muna
Trog
Vehumet
Zin
The Shining One
Jiyva

Shops:
D:7 }[=   D:10 (   D:14 %

Annotations:
D:4 4tharraofdagon's ghost, weakling DsMo


Innate Abilities, Weirdness & Mutations

You have claws for hands.
You are mostly covered in molten scales (AC +3, EV -1).
A demonic guardian rushes to your aid.
You sometimes gain power by taking damage.
You have large cloven feet.
Your mind is acute. (Int +2)
Your system is resistant to poisons.


Message History

You are feeling hungry.
You closely miss the deep troll. You kick the deep troll.
The deep troll is lightly wounded.
The deep troll shaman calls upon its god to strengthen the deep troll earth mage.
The deep troll earth mage seems to grow stronger.
The deep troll bites you!
* * * LOW HITPOINT WARNING * * *
The deep troll misses you. The deep troll claws you!
* * * LOW HITPOINT WARNING * * *
The deep troll bites you.
* * * LOW HITPOINT WARNING * * *
The deep troll claws you.
* * * LOW HITPOINT WARNING * * *
The deep troll misses you.
Your ice devil barely misses the deep troll.
Unknown command.
You closely miss the deep troll. You kick the deep troll.
The deep troll is lightly wounded.
The deep troll earth mage bites you!
You die...

#.# #.# ### #.# #.# #.#
##.# #(######## #..# #
.##........# #..#.#
....(#####.####..#.####.##)
####.# ##..:....>........#
#.# #......3@3#####.#.# #.#
#.#####TTT# #.. ... #.....
#.##### #..T.#.# ... .....#
# #.# ....... ... ..#.....
#..######


You could see 2 deep trolls, a deep troll earth mage (bleeding), a deep troll
shaman, a friendly ice devil and a friendly smoke demon.

Vanquished Creatures
  A stone giant (Depths:1)
  2 vault guards (D:14)
  2 minotaurs
  A hydra (Lair:8)
  2 anacondas (Snake:2)
  A deep troll earth mage (Depths:1)
  12 death yaks (Lair:8)
  2 naga sharpshooters
  5 deep trolls (Depths:1)
  An iron troll (Depths:1)
  3 skeletal warriors (D:14)
  2 orc knights (Bailey)
  Pikel (D:7)
  A necromancer (D:14)
  A mana viper (Snake:2)
  2 griffons (D:15)
  A manticore (Depths:1)
  9 black mambas
  3 naga magi
  A gargoyle (D:11)
  2 fire drakes
  3 spiny frogs
  A troll (D:15)
  An efreet (D:15)
  A kobold demonologist (D:14)
  Sonja (Snake:1)
  2 merfolk (Lair:6)
  A deep elf priest (D:7)
  An ice dragon zombie (D:14)
  6 slime creatures (D:15)
  2 basilisks
  16 yaks
  2 wyverns
  A vampire (D:13)
  A deep elf mage (D:15)
  A fire elemental (Lair:8)
  4 ugly things (D:14)
  14 humans (D:14)
  A shark (Lair:4)
  2 hungry ghosts (D:15)
  An elephant slug (Lair:8)
  5 hippogriffs
  2 fire bats (Lair:8)
  12 nagas
  2 wolves (Lair:3)
  2 ice beasts (D:13)
  A tengu skeleton (D:15)
  A porcupine (Lair:4)
  2 sky beasts
  8 water moccasins
  A black bear (D:11)
  An ogre (D:11)
  9 orc warriors
  A centaur (D:4)
  3 big kobolds
  3 crocodiles
  4 giant frogs
  2 giant slugs (Lair:8)
  A gnoll sergeant (D:11)
  A wyvern zombie (D:9)
  A hippogriff zombie (D:10)
  2 wights (D:10)
  A troll skeleton (D:11)
  A goliath beetle (D:15)
  2 hounds
  A big fish (Lair:4)
  A human zombie (D:14)
  A crimson imp (D:13)
  4 iguanas
  An orc priest (D:13)
  2 orc wizards
  An elf skeleton (D:10)
  6 worker ants
  3 gnolls (D:11)
  15 adders
  3 green rats
  A giant mite (Lair:6)
  2 white imps (Lair:1)
  A worm (D:7)
  12 orcs
  8 bats
  3 giant cockroaches
  8 goblins
  8 hobgoblins
  10 jackals
  17 kobolds
  5 quokkas
  A giant cockroach zombie (D:5)
  4 giant geckos
  3 giant newts
  18 rats
  A rat zombie (D:7)
  A fungus (Lair:8)
  2 plants (Lair:8)
328 creatures vanquished.

Vanquished Creatures (collateral kills)
  The ghost of Mygna the Markscentaur, a powerful CeHu of Okawaru (Lair:8)
  Gastronok (Lair:3)
  A dire elephant (D:15)
  2 hydras
  3 death yaks (Lair:8)
  The ghost of Zigabaro the Protected, an experienced MiFi of Makhleb (Bailey)
  A shock serpent (Snake:2)
  A centaur warrior (Depths:1)
  3 catoblepae (Lair:8)
  A deep troll (Depths:1)
  A mana viper (Snake:2)
  2 griffons
  A wolf spider (D:15)
  A cyclops (D:14)
  5 black mambas
  A mermaid (Lair:6)
  5 spiny frogs
  3 fire drakes (Lair:5)
  A merfolk (Lair:6)
  2 trolls (D:9)
  A wyvern (D:14)
  2 basilisks
  23 yaks
  3 fire bats (Lair:8)
  A hippogriff (Lair:5)
  2 ugly things (D:14)
  A naga (Snake:1)
  6 humans (D:14)
  4 wolves (Lair:3)
  2 water moccasins
  2 orc warriors
  A slave (D:7)
  A centaur (D:9)
  2 porcupines
  7 ice beasts (IceCv)
  An ogre (Bailey)
  A boring beetle (Lair:8)
  2 crocodiles
  A giant slug (Lair:3)
  4 giant frogs
  2 wights (D:10)
  A hound (Lair:1)
  5 human zombies (D:14)
  3 iguanas
  A worker ant (D:9)
  2 adders
  5 green rats (Lair:5)
  10 white imps (Lair:1)
  8 orcs
  3 jackals
  3 quokkas
  A bat (Lair:1)
  A giant cockroach (D:7)
  A rat (Lair:1)
  A fungus (Lair:8)
  A plant (Lair:5)
152 creatures vanquished.

Vanquished Creatures (others)
  10 soul eaters
  15 sun demons
  18 ice devils
  A mana viper (Snake:2)
  17 sixfirhies
  14 smoke demons
  A hellwing (Lab)
  A ynoxinul (Bailey)
  3 neqoxecs
  An iron imp (Lair:8)
  An orc wizard (D:13)
  2 quasits (D:7)
  A white imp (D:7)
  An orc skeleton (D:7)
  7 fungi
  A plant (Lair:5)
94 creatures vanquished.

Grand Total: 574 creatures vanquished

Notes
Turn   | Place    | Note
--------------------------------------------------------------
     0 | D:1      | 4tharraofdagon, the Demonspawn Monk, began the quest for the Orb.
     0 | D:1      | Reached XP level 1. HP: 18/18 MP: 1/1
   121 | D:1      | Gained mutation: You sometimes gain a little power by taking damage. [demonic ancestry]
   121 | D:1      | Reached XP level 2. HP: 8/24 MP: 2/2
   262 | D:2      | Reached skill level 4 in Unarmed Combat
   262 | D:2      | Reached skill level 1 in Evocations
   276 | D:2      | HP: 1/24 [poisoned by an adder]
   432 | D:3      | Reached XP level 3. HP: 18/29 MP: 3/3
   564 | D:4      | Noticed 4tharraofdagon's ghost (weakling DsMo)
   674 | D:3      | Gained mutation: You sometimes gain power by taking damage. [demonic ancestry]
   674 | D:3      | Reached XP level 4. HP: 9/35 MP: 5/5
   960 | D:4      | Noticed a centaur
   973 | D:4      | Killed a centaur
   973 | D:4      | Gained mutation: You are partially covered in molten scales (AC +1). [demonic ancestry]
   973 | D:4      | Reached XP level 5. HP: 26/42 MP: 6/6
  1021 | D:5      | Entered Level 5 of the Dungeon
  1123 | D:5      | Found a staircase to the Ecumenical Temple.
  1129 | Temple   | Entered the Ecumenical Temple
  1294 | Temple   | Became a worshipper of Makhleb the Destroyer
  1294 | Temple   | Acquired Makhleb's first power
  1294 | Temple   | Acquired Makhleb's second power
  1344 | D:5      | Reached skill level 5 in Unarmed Combat
  1587 | D:7      | Gained mutation: A weak demonic guardian rushes to your aid. [demonic ancestry]
  1587 | D:7      | Reached XP level 6. HP: 48/48 MP: 8/8
  1610 | D:7      | Found Ituusafa's Jewellery Emporium.
  1683 | D:7      | Found Ecul's Armour Emporium.
  1690 | D:7      | Reached skill level 1 in Invocations
  1721 | D:7      | Found an ancient bone altar of Kikubaaqudgha.
  1721 | D:7      | Noticed a deep elf priest
  1735 | D:7      | Killed a deep elf priest
  1735 | D:7      | Gained mutation: A demonic guardian rushes to your aid. [demonic ancestry]
  1735 | D:7      | Reached XP level 7. HP: 28/55 MP: 8/10
  1800 | D:7      | Noticed a slave
  1802 | D:7      | Noticed Pikel
  1802 | D:7      | Noticed a slave
  1803 | D:7      | Noticed a slave
  1806 | D:7      | Killed a slave
  1812 | D:7      | Killed Pikel
  1812 | D:7      | Reached skill level 6 in Unarmed Combat
  1813 | D:7      | Found Plycla's Gadget Shoppe.
  1816 | D:7      | Noticed a freed slave
  1823 | D:7      | Reached skill level 5 in Fighting
  1935 | D:7      | Gained mutation: You are mostly covered in molten scales (AC +3, EV -1). [demonic ancestry]
  1935 | D:7      | Reached XP level 8. HP: 62/62 MP: 13/13
  2143 | D:9      | Noticed a troll
  2148 | D:9      | Killed a troll
  2270 | D:10     | Entered Level 10 of the Dungeon
  2326 | D:9      | Noticed a troll
  2332 | D:9      | Killed a troll
  2377 | D:10     | Found a staircase to the Orcish Mines.
  2397 | D:10     | Acquired Makhleb's third power
  2414 | D:10     | Reached skill level 7 in Unarmed Combat
  2462 | D:10     | Found a blossoming altar of Fedhas.
  2518 | D:10     | Reached skill level 5 in Evocations
  2536 | D:10     | Found Paizat Risa's Antique Weapon Shop.
  2573 | D:10     | Reached skill level 5 in Dodging
  2748 | D:10     | Found a staircase to the Lair.
  2774 | Lair:1   | Entered Level 1 of the Lair of Beasts
  2774 | Lair:1   | Noticed a black mamba
  2782 | Lair:1   | Killed a black mamba
  2782 | Lair:1   | Reached skill level 5 in Invocations
  2782 | Lair:1   | Gained mutation: You have sharp fingernails. [demonic ancestry]
  2782 | Lair:1   | Reached XP level 9. HP: 67/69 MP: 15/17
  2919 | Lair:1   | Found a frozen archway.
  2930 | Lair:1   | Acquired Makhleb's fourth power
  2934 | Lair:1   | Reached skill level 8 in Unarmed Combat
  2949 | IceCv    | Entered an ice cave
  3089 | Lair:2   | Got an ichor-stained dagger
  3138 | Lair:2   | Acquired Makhleb's fifth power
  3203 | Lair:2   | Gained mutation: You have very sharp fingernails. [demonic ancestry]
  3203 | Lair:2   | Reached XP level 10. HP: 66/77 MP: 20/20
  3229 | Lair:2   | Noticed a spiny frog
  3234 | Lair:2   | Killed a spiny frog
  3303 | Lair:3   | Noticed Gastronok
  3310 | Lair:3   | Killed Gastronok
  3310 | Lair:3   | Reached skill level 9 in Unarmed Combat
  3506 | Lair:3   | Noticed a griffon
  3518 | Lair:3   | Killed a griffon
  3613 | Lair:4   | Noticed a black mamba
  3618 | Lair:4   | Killed a black mamba
  3682 | Lair:4   | Found a staircase to the Snake Pit.
  3944 | Lair:5   | Reached XP level 11. HP: 15/86 MP: 22/22
  3983 | Lair:5   | Reached skill level 10 in Unarmed Combat
  4010 | Lair:5   | Found a labyrinth entrance.
  4065 | Lab      | Entered a labyrinth
  4400 | Lab      | Noticed a minotaur
  4413 | Lab      | Killed a minotaur
  4416 | Lab      | Got a jewelled leather armour
  4422 | Lab      | Got an ancient dagger
  4425 | Lab      | Identified Sif Muna's Incunabulum of Enhancements and the Compass (You found it in a labyrinth)
  4428 | Lab      | Upgraded the game from 0.15-a0 to 0.15-a0-16-g55057a3
  4450 | Lair:5   | Identified the +3 leather armour "Uxoskun" {+Rage rF+} (You found it in a labyrinth)
  4454 | Lair:5   | Gained mutation: Your system is resistant to poisons. [potion of mutation]
  4454 | Lair:5   | Gained mutation: Your mind is acute. (Int +2) [potion of mutation]
  4454 | Lair:5   | Gained mutation: You have large cloven feet. [potion of mutation]
  4465 | Lair:5   | Noticed a six-headed hydra
  4536 | Lair:5   | Killed a six-headed hydra
  4730 | Lair:6   | Identified the cursed -1,-1 dagger of the Nexus {antimagic, rElec rF+ Int+2} (You found it in a labyrinth)
  4747 | Lair:6   | Learned a level 4 spell: Control Teleport
  4749 | Lair:6   | Learned a level 1 spell: Apportation
  4752 | Lair:6   | Learned a level 2 spell: Blink
  4862 | Lair:7   | Found a staircase to the Slime Pits.
  4862 | Lair:7   | Found a viscous altar of Jiyva.
  4887 | Lair:7   | Reached skill level 1 in Translocations
  4921 | Lair:8   | Entered Level 8 of the Lair of Beasts
  4938 | Lair:8   | Reached skill level 1 in Spellcasting
  5168 | Lair:8   | Noticed Mygna's ghost (powerful CeHu)
  5213 | Lair:8   | Killed Mygna's ghost
  5350 | Lair:8   | Noticed a catoblepas
  5351 | Lair:8   | Noticed a balrug
  5395 | Lair:8   | Found a deep blue altar of Sif Muna.
  5682 | Lair:8   | Killed a catoblepas
  5682 | Lair:8   | Reached XP level 12. HP: 83/94 MP: 25/25
  5706 | Lair:8   | Noticed a death yak
  5706 | Lair:8   | Noticed a death yak
  5725 | Lair:8   | Killed a death yak
  5751 | Lair:8   | Killed a death yak
  5751 | Lair:8   | Reached skill level 11 in Unarmed Combat
  5755 | Lair:8   | Noticed a death yak
  5755 | Lair:8   | Noticed a death yak
  5768 | Lair:8   | Killed a death yak
  5772 | Lair:8   | Killed a death yak
  5776 | Lair:8   | Noticed a death yak
  5787 | Lair:8   | Killed a death yak
  5787 | Lair:8   | Reached skill level 10 in Invocations
  5807 | Lair:8   | Noticed a catoblepas
  5843 | Lair:8   | Killed a catoblepas
  5852 | Lair:8   | Learned a level 1 spell: Infusion
  5858 | Lair:8   | Learned a level 5 spell: Phase Shift
  5866 | Lair:8   | Noticed a death yak
  5871 | Lair:8   | Killed a death yak
  5874 | Lair:8   | Noticed a death yak
  5876 | Lair:8   | Noticed a death yak
  5878 | Lair:8   | Noticed a death yak
  5878 | Lair:8   | Killed a death yak
  5880 | Lair:8   | Killed a death yak
  5885 | Lair:8   | Killed a death yak
  5904 | Lair:8   | Noticed a death yak
  5904 | Lair:8   | Noticed a death yak
  5904 | Lair:8   | Noticed a death yak
  5918 | Lair:8   | Killed a death yak
  5923 | Lair:8   | Killed a death yak
  5929 | Lair:8   | Killed a death yak
  5954 | Lair:8   | Noticed a death yak
  5954 | Lair:8   | Noticed a death yak
  5955 | Lair:8   | Noticed a death yak
  5967 | Lair:8   | Killed a death yak
  5969 | Lair:8   | Killed a death yak
  5969 | Lair:8   | Reached skill level 5 in Translocations
  5972 | Lair:8   | Killed a death yak
  6023 | Lair:8   | Noticed a catoblepas
  6045 | Lair:8   | Killed a catoblepas
  6088 | Lair:8   | Learned a level 3 spell: Regeneration
  6148 | Lair:8   | Noticed a six-headed hydra
  6157 | Lair:8   | Killed a six-headed hydra
  6320 | Lair:6   | Found a staircase to the Shoals.
  6554 | Lair:4   | Noticed a griffon
  6560 | Lair:4   | Killed a griffon
  6697 | Snake:1  | Entered Level 1 of the Snake Pit
  6697 | Snake:1  | Noticed Sonja
  6705 | Snake:1  | Reached XP level 13. HP: 86/101 MP: 27/27
  6707 | Snake:1  | Killed Sonja
  6741 | Snake:1  | Got a twisted ring mail
  6751 | Snake:1  | Identified the -1 ring mail of the Gate {+Fly rF+} (You found it on level 1 of the Snake Pit)
  6802 | Snake:1  | Paralysed by a potion of paralysis for 6 turns
  6971 | Snake:2  | Reached skill level 1 in Necromancy
  7002 | Snake:2  | Reached skill level 12 in Unarmed Combat
  7442 | Snake:2  | Learned a level 2 spell: Repel Missiles
  7965 | D:13     | Found a flagged portal.
  8069 | Bailey   | Entered a bailey
  8074 | Bailey   | Noticed Zigabaro's ghost (experienced MiFi)
  8083 | Bailey   | Killed Zigabaro's ghost
  8574 | D:15     | Entered Level 15 of the Dungeon
  8705 | D:14     | Reached skill level 5 in Spellcasting
  8738 | D:14     | Found a gate to the Vaults.
  8759 | D:14     | Reached skill level 5 in Necromancy
  8926 | D:14     | Found Qaiga's Food Shoppe.
  9047 | D:15     | Gained mutation: You have claws for hands. [demonic ancestry]
  9047 | D:15     | Reached XP level 14. HP: 62/109 MP: 28/28
  9056 | D:15     | Reached skill level 10 in Fighting
  9205 | D:15     | Found an ancient bone altar of Kikubaaqudgha.
  9277 | D:15     | Learned a level 5 spell: Dispel Undead
  9303 | D:15     | Found a staircase to the Depths.
  9303 | D:15     | Noticed a dire elephant
  9316 | D:15     | Killed a dire elephant
  9426 | Depths:1 | Entered Level 1 of the Depths
  9540 | Depths:1 | Reached skill level 13 in Unarmed Combat
  9657 | Depths:1 | Slain by a deep troll earth mage

Action                   |  1- 3 |  4- 6 |  7- 9 | 10-12 | 13-15 || total
-------------------------+-------+-------+-------+-------+-------++-------
Melee: Unarmed           |    94 |   112 |   256 |   457 |   722 ||  1641
 Cast: Repel Missiles    |       |       |       |       |     1 ||     1
Invok: Lesser Servant of |       |       |     1 |     6 |     1 ||     8
       Minor Destruction |       |       |       |     6 |    12 ||    18
       Greater Servant o |       |       |       |     1 |     1 ||     2
       Major Destruction |       |       |       |       |     1 ||     1
 Abil: Evoke Berserk Rag |     3 |     7 |     5 |     9 |    13 ||    37
Evoke: Wand              |       |       |       |     5 |     8 ||    13
       Fan of gales      |       |       |       |     1 |       ||     1
  Use: Potion            |     2 |     1 |     2 |     5 |     7 ||    17
       Scroll            |       |     4 |     1 |    20 |    11 ||    36
 Stab: Sleeping          |     2 |     1 |       |     1 |     1 ||     5
       Distracted        |       |       |     1 |     2 |     3 ||     6
       Fleeing           |       |       |       |       |     1 ||     1
